[Event "1000GM Spring IM-C 2024"]
[Site "New York"]
[Date "2024.03.30"]
[Round "5.4"]
[White "Andrews, Todd"]
[Black "Tang, Zoey"]
[Result "0-1"]
[ECO "B23"]
[WhiteElo "2160"]
[BlackElo "2253"]
[Annotator "RC"]
[PlyCount "68"]
[EventDate "2024.03.26"]
[EventType "tourn"]
[EventCountry "USA"]
[SourceTitle "playchess.com"]
[Source "ChessBase"]
[SourceQuality "1"]
[TimeControl "5400+30"]

1. e4 c5 2. Nc3 d6 3. Nge2 Nc6 4. d3 g6 5. h3 Bg7 6. g4 e6 7. Bg2 Nge7 8. Be3 a6 9. Qd2 Nd4 10. Nd1 Qc7 11. Ng3 b5 12. c3 Ndc6 13. O-O Bb7 14. d4 O-O-O 15. b4 f5 16. a4 cxd4 17. cxd4 f4 18. Bxf4 Nxd4 19. Rc1 Nec6 20. axb5 Nxb5 21. Ne3 Nbd4 22. Bg5 Rdf8 23. Nd5 Qf7 24. b5 axb5 25. Ne7+ Kd7 26. Nxc6 Bxc6 27. e5 Bxe5 28. Qa5 Rc8 29. Bxc6+ Nxc6 30. Qxb5 Qf3 31. Kh2 Rb8 32. Qa4 Bxg3+ 33. Kg1 Be5 34. Rc2 Rb4 0-1

[Event "1000GM Spring IM-C 2024"]
[Site "New York"]
[Date "2024.03.30"]
[Round "5.5"]
[White "Lekic, Dusan"]
[Black "Atwell, Rose"]
[Result "0-1"]
[ECO "D12"]
[WhiteElo "2320"]
[BlackElo "2285"]
[Annotator "RC"]
[PlyCount "52"]
[EventDate "2024.03.26"]
[EventType "tourn"]
[EventCountry "USA"]
[SourceTitle "playchess.com"]
[Source "ChessBase"]
[SourceQuality "1"]
[TimeControl "5400+30"]

1. d4 d5 2. c4 c6 3. Nf3 Nf6 4. e3 Bf5 5. Nc3 e6 6. Nh4 Bg6 7. Be2 Nbd7 8. Bd2 Qc7 9. h3 dxc4 10. Nxg6 hxg6 11. Bxc4 Nb6 12. Be2 e5 13. dxe5 Qxe5 14. Qb3 Bd6 15. a4 O-O 16. a5 Nbd7 17. Bf3 Nc5 18. Qc4 Rad8 19. Ke2 Bc7 20. Rhb1 Rfe8 21. Be1 Nd3 22. a6 Rd4 23. Qa2 Qh2 24. Bd2 Nf4+ 25. Kd1 Qg1+ 26. Kc2 Rxd2+ 0-1

[Event "1000GM Spring IM-C 2024"]
[Site "New York"]
[Date "2024.03.30"]
[Round "6.1"]
[White "Pang, Qi"]
[Black "Atwell, Rose"]
[Result "0-1"]
[ECO "A11"]
[WhiteElo "2195"]
[BlackElo "2285"]
[Annotator "RC"]
[PlyCount "72"]
[EventDate "2024.03.26"]
[EventType "tourn"]
[EventCountry "USA"]
[SourceTitle "playchess.com"]
[Source "ChessBase"]
[SourceQuality "1"]
[TimeControl "5400+30"]

1. Nf3 d5 2. c4 c6 3. e3 Nf6 4. Be2 Bg4 5. O-O e6 6. b3 Nbd7 7. h3 Bxf3 8. Bxf3 Bd6 9. Bb2 Qe7 10. Nc3 h5 11. cxd5 exd5 12. d4 h4 13. e4 dxe4 14. Bxe4 O-O-O 15. Re1 Bc7 16. Bxc6 Qd6 17. Bxd7+ Nxd7 18. Kf1 Qh2 19. Qf3 Rde8 20. Re3 Bf4 21. Rc1 Bxe3 22. fxe3 Kb8 23. Ba3 Re6 24. Nd5 Ra6 25. Bb2 Rxa2 26. Rc2 Rc8 27. Qe4 Rxc2 28. Qxc2 Ra6 29. Qh7 Qd6 30. Qxh4 Rc6 31. Qe4 Nf6 32. Nxf6 Qxf6+ 33. Kg1 Re6 34. Qd3 Qg6 35. Qc3 Rc6 36. Qb4 Qb1+ 0-1

[Event "1000GM Spring IM-C 2024"]
[Site "New York"]
[Date "2024.03.30"]
[Round "6.2"]
[White "Tang, Zoey"]
[Black "Lekic, Dusan"]
[Result "1-0"]
[ECO "D46"]
[WhiteElo "2253"]
[BlackElo "2320"]
[Annotator "RC"]
[PlyCount "58"]
[EventDate "2024.03.26"]
[EventType "tourn"]
[EventCountry "USA"]
[SourceTitle "playchess.com"]
[Source "ChessBase"]
[SourceQuality "1"]
[TimeControl "5400+30"]

1. d4 Nf6 2. c4 e6 3. Nf3 d5 4. Nc3 c6 5. e3 Nbd7 6. Qc2 Bd6 7. Bd3 O-O 8. O-O dxc4 9. Bxc4 b5 10. Bd3 Bb7 11. h3 Rc8 12. Ng5 h6 13. Nge4 Be7 14. Rd1 Nd5 15. a3 a5 16. Qe2 b4 17. Na4 bxa3 18. bxa3 c5 19. Bb2 cxd4 20. Bxd4 Bc6 21. Bc2 Qe8 22. f4 f5 23. Nec3 Bf6 24. Nxd5 Bxd5 25. Rac1 Qe7 26. Bxf6 Qxf6 27. Bb1 Bb3 28. Rc3 Rc6 29. Rxc6 Rc8 1-0

[Event "1000GM Spring IM-C 2024"]
[Site "New York"]
[Date "2024.03.30"]
[Round "6.3"]
[White "Yang, Qindong"]
[Black "Andrews, Todd"]
[Result "0-1"]
[ECO "A43"]
[WhiteElo "2234"]
[BlackElo "2160"]
[Annotator "RC"]
[PlyCount "130"]
[EventDate "2024.03.26"]
[EventType "tourn"]
[EventCountry "USA"]
[SourceTitle "playchess.com"]
[Source "ChessBase"]
[SourceQuality "1"]
[TimeControl "5400+30"]

1. d4 c5 2. d5 Nf6 3. Nf3 b5 4. Bg5 Qb6 5. e3 Bb7 6. Nc3 b4 7. Bxf6 exf6 8. Ne2 f5 9. Nf4 Qf6 10. Rb1 Bd6 11. Bc4 O-O 12. O-O Re8 13. Qd3 a5 14. a4 Re4 15. Nh5 Qg6 16. Ng3 Bxg3 17. fxg3 Qh6 18. Rbe1 d6 19. Nd2 Re7 20. Bb5 Na6 21. Rxf5 Nc7 22. e4 Nxb5 23. axb5 a4 24. Nc4 Qg6 25. Nb6 Qxf5 26. exf5 Rxe1+ 27. Kf2 a3 28. bxa3 bxa3 29. Nxa8 a2 30. Kxe1 a1=Q+ 31. Kf2 Bxa8 32. Qe3 Qd4 33. c4 Qe5 34. g4 Kf8 35. Qa3 Qf4+ 36. Ke1 Qe4+ 37. Kf2 Qd4+ 38. Kg3 Bb7 39. Qa7 Qe3+ 40. Kh4 Qe7+ 41. Kh3 Qd7 42. Kg3 Bc8 43. Qb8 g6 44. b6 Kg7 45. Qa8 gxf5 46. Qa1+ Kg8 47. g5 f4+ 48. Kf2 Qf5 49. Qa4 Kg7 50. Qc6 Qc2+ 51. Kf3 Bf5 52. Qe8 Qd1+ 53. Kxf4 Qg4+ 54. Ke3 Qxg5+ 55. Kf3 Qg4+ 56. Kf2 Qd4+ 57. Kg3 Qd3+ 58. Kf4 Qf1+ 59. Kg3 Qxc4 60. Qd8 Qg4+ 61. Kf2 Qf4+ 62. Ke2 Bg4+ 63. Kd3 Qd4+ 64. Kc2 Bf5+ 65. Kc1 Qc3+ 0-1

[Event "1000GM Spring IM-C 2024"]
[Site "New York"]
[Date "2024.03.30"]
[Round "6.4"]
[White "Tanenbaum, Zachary"]
[Black "Yudasin, Leonid"]
[Result "0-1"]
[ECO "B90"]
[WhiteElo "2260"]
[BlackElo "2337"]
[Annotator "RC"]
[PlyCount "120"]
[EventDate "2024.03.26"]
[EventType "tourn"]
[EventCountry "USA"]
[SourceTitle "playchess.com"]
[Source "ChessBase"]
[SourceQuality "1"]
[TimeControl "5400+30"]

1. e4 c5 2. Nf3 d6 3. d4 cxd4 4. Nxd4 Nf6 5. Nc3 a6 6. Be3 Ng4 7. Bc1 Nf6 8. Be3 Ng4 9. Bg5 h6 10. Bh4 g5 11. Bg3 Bg7 12. Be2 h5 13. h4 gxh4 14. Bxh4 Nc6 15. Nb3 Bxc3+ 16. bxc3 Be6 17. Nd4 Qa5 18. Qd2 Rc8 19. f3 Nge5 20. Nxe6 fxe6 21. Rb1 Nd8 22. O-O Ng6 23. Bf2 e5 24. Rb3 b5 25. Ra1 Ne6 26. a4 Nc5 27. Rb4 Nf4 28. Bf1 bxa4 29. g3 Nfe6 30. Bh3 Qc7 31. Qd5 Kf7 32. Rc4 Rh6 33. Bf5 Rb8 34. Be3 Rf6 35. Bg5 Qa7 36. Kh1 Qb7 37. Bxf6 Kxf6 38. Qd2 Rh8 39. Rb4 Qa8 40. Rab1 h4 41. g4 Nf4 42. Rb6 Qd8 43. Rc6 Qa5 44. g5+ Kxg5 45. Rg1+ Kf6 46. Rxd6+ exd6 47. Qxd6+ Nce6 48. Rg6+ Nxg6 49. Qxe6+ Kg5 50. Bxg6 Qxc3 51. Qf5+ Kh6 52. Qf6 Qe1+ 53. Kh2 Qg3+ 54. Kh1 Qh3+ 55. Kg1 Rg8 56. Kf2 Qg3+ 57. Ke2 Qg5 58. Qd6 Rxg6 59. Qf8+ Kh7 60. Qf7+ Rg7 0-1

[Event "1000GM Spring IM-C 2024"]
[Site "New York"]
[Date "2024.03.30"]
[Round "6.5"]
[White "Savanovic, Aleksandar"]
[Black "Shundi, Matias"]
[Result "1/2-1/2"]
[ECO "B92"]
[WhiteElo "2361"]
[BlackElo "2191"]
[Annotator "RC"]
[PlyCount "86"]
[EventDate "2024.03.26"]
[EventType "tourn"]
[EventCountry "USA"]
[SourceTitle "playchess.com"]
[Source "ChessBase"]
[SourceQuality "1"]
[TimeControl "5400+30"]

1. e4 c5 2. Nf3 d6 3. d4 cxd4 4. Nxd4 Nf6 5. Nc3 a6 6. Be2 e5 7. Nb3 Be7 8. O-O O-O 9. Be3 Be6 10. Qd2 Nbd7 11. a4 Nb6 12. a5 Nc4 13. Bxc4 Bxc4 14. Rfd1 Rc8 15. Nc1 d5 16. Bb6 Qe8 17. exd5 Bb4 18. d6 Qd7 19. Nd3 Bxd6 20. Nxe5 Bxe5 21. Qxd7 Nxd7 22. Rxd7 Bxc3 23. bxc3 Bb5 24. Rxb7 Rxc3 25. Rc7 Rxc7 26. Bxc7 Rc8 27. Rd1 f6 28. Rd8+ Rxd8 29. Bxd8 Kf7 30. f3 Ke6 31. Kf2 f5 32. Ke3 Kd5 33. Kf4 Ke6 34. Bb6 g6 35. Bd4 Bf1 36. Kg5 Bb5 37. Kh6 Kf7 38. h4 Kg8 39. g3 Be2 40. f4 Bc4 41. h5 Kf7 42. Kxh7 gxh5 43. Kh6 Be2 1/2-1/2

[Event "1000GM Spring IM-C 2024"]
[Site "New York"]
[Date "2024.03.31"]
[Round "7.1"]
[White "Shundi, Matias"]
[Black "Pang, Qi"]
[Result "1/2-1/2"]
[ECO "C97"]
[WhiteElo "2191"]
[BlackElo "2195"]
[Annotator "RC"]
[PlyCount "170"]
[EventDate "2024.03.26"]
[EventType "tourn"]
[EventCountry "USA"]
[SourceTitle "playchess.com"]
[Source "ChessBase"]
[SourceQuality "1"]
[TimeControl "5400+30"]

1. e4 e5 2. Nf3 Nc6 3. Bb5 a6 4. Ba4 Nf6 5. O-O Be7 6. Re1 b5 7. Bb3 d6 8. c3 O-O 9. h3 Na5 10. Bc2 c5 11. d4 Qc7 12. d5 Nc4 13. b3 Nb6 14. a4 bxa4 15. bxa4 a5 16. Nbd2 c4 17. Nf1 Nfd7 18. g4 Nc5 19. Ng3 Re8 20. Kh2 Ba6 21. Be3 Bf8 22. Nh5 Nbd7 23. Rg1 Nd3 24. Nh4 Nf4 25. Nxf4 exf4 26. Bxf4 g6 27. Qf3 Ne5 28. Bxe5 dxe5 29. Ng2 Rab8 30. Ne3 Qd6 31. g5 Be7 32. h4 f6 33. gxf6 Qxf6 34. Qxf6 Bxf6 35. h5 Kf7 36. hxg6+ hxg6 37. Rab1 Rh8+ 38. Kg2 Bg5 39. Kf3 Rh3+ 40. Kg2 Rbh8 41. Ng4 Rxc3 42. Nxe5+ Kg7 43. Rb6 Bf6 44. Ng4 Bc8 45. Bd1 Bd4 46. Rc6 Bxg4 47. Bxg4 Rf8 48. Rf1 Rc2 49. Bf3 c3 50. d6 Rd2 51. d7 c2 52. e5 Bxe5 53. Be4 Rf6 54. Rxc2 Rxd7 55. Rc5 Re7 56. f3 Bc7 57. Rfc1 Bb6 58. Rc6 Rfe6 59. Kg3 Bd4 60. R1c4 Be3 61. Kg4 Rf6 62. Rc8 Rd6 63. R4c6 Rf6 64. Rc3 Bd2 65. Rd3 Bb4 66. Rdd8 Rd6 67. Rg8+ Kh7 68. Rh8+ Kg7 69. Rcg8+ Kf7 70. Ra8 Kg7 71. Rhc8 Kh7 72. Rg8 Rc7 73. Rh8+ Kg7 74. Rag8+ Kf7 75. Rb8 Kg7 76. Rh1 Rd2 77. Rbh8 Kf6 78. R1h2 Rd1 79. Rh1 Rd2 80. R8h2 Rxh2 81. Rxh2 Rc5 82. Rc2 Rg5+ 83. Kh3 Rc5 84. Rxc5 Bxc5 85. Kg2 Ke5 1/2-1/2

[Event "1000GM Spring IM-C 2024"]
[Site "New York"]
[Date "2024.03.31"]
[Round "7.2"]
[White "Yudasin, Leonid"]
[Black "Savanovic, Aleksandar"]
[Result "1/2-1/2"]
[ECO "C99"]
[WhiteElo "2337"]
[BlackElo "2361"]
[Annotator "RC"]
[PlyCount "34"]
[EventDate "2024.03.26"]
[EventType "tourn"]
[EventCountry "USA"]
[SourceTitle "playchess.com"]
[Source "ChessBase"]
[SourceQuality "1"]
[TimeControl "5400+30"]

1. e4 e5 2. Nf3 Nc6 3. Bb5 a6 4. Ba4 Nf6 5. O-O Be7 6. Re1 b5 7. Bb3 d6 8. c3 O-O 9. h3 Na5 10. Bc2 c5 11. d4 Qc7 12. Nbd2 cxd4 13. cxd4 Bd7 14. Nf1 Rac8 15. Ne3 Nc6 16. d5 Nb4 17. Bb1 a5 1/2-1/2

[Event "1000GM Spring IM-C 2024"]
[Site "New York"]
[Date "2024.03.31"]
[Round "7.3"]
[White "Andrews, Todd"]
[Black "Tanenbaum, Zachary"]
[Result "0-1"]
[ECO "A09"]
[WhiteElo "2160"]
[BlackElo "2260"]
[Annotator "RC"]
[PlyCount "142"]
[EventDate "2024.03.26"]
[EventType "tourn"]
[EventCountry "USA"]
[SourceTitle "playchess.com"]
[Source "ChessBase"]
[SourceQuality "1"]
[TimeControl "5400+30"]

1. Nf3 d5 2. c4 d4 3. b4 c5 4. e3 dxe3 5. fxe3 cxb4 6. d4 Nf6 7. Bd3 Bg4 8. Bb2 e5 9. dxe5 Nfd7 10. O-O Nc6 11. Be4 Bc5 12. Qe1 Qb6 13. Qh4 Bxf3 14. e6 Bxe3+ 15. Kh1 Nde5 16. exf7+ Kf8 17. Bxf3 Bd4 18. Bxd4 Qxd4 19. Qxd4 Nxd4 20. Nd2 Rd8 21. Rae1 Nd3 22. Rb1 b6 23. Bd5 g6 24. Ne4 Nc5 25. Nf6 Kg7 26. Rbe1 Rhf8 27. Re7 Nf5 28. Ne8+ Kh6 29. Rxa7 Ne3 30. Rf3 Nxd5 31. cxd5 Rxd5 32. g4 Kg5 33. Nf6 Rd1+ 34. Kg2 Kh6 35. Rh3+ Kg7 36. Ne8+ Kh8 37. Nf6 Rd2+ 38. Kf1 Kg7 39. Rf3 Ne6 40. h4 Nd8 41. Ne4 Rd4 42. Nf2 Rxf7 43. Rfxf7+ Nxf7 44. Rb7 Kf6 45. Rxb6+ Ke5 46. Rb7 Ke6 47. Ke2 Ne5 48. Rxh7 Nxg4 49. Nd3 Nf6 50. Rb7 Nd5 51. Rg7 Kf6 52. Rh7 Nc3+ 53. Ke3 Re4+ 54. Kf3 Rc4 55. Nf4 Nxa2 56. Rb7 Nc3 57. Rb6+ Kf5 58. Nxg6 Nd5 59. Ra6 Rc3+ 60. Ke2 Ke4 61. Re6+ Kd4 62. h5 b3 63. Re8 b2 64. Rb8 Rh3 65. Kf2 Rh1 66. h6 Nf6 67. Nf8 b1=Q 68. Rxb1 Rxb1 69. Kg3 Rh1 70. Ne6+ Ke5 71. Ng5 Rg1+ 0-1

[Event "1000GM Spring IM-C 2024"]
[Site "New York"]
[Date "2024.03.31"]
[Round "7.4"]
[White "Lekic, Dusan"]
[Black "Yang, Qindong"]
[Result "1/2-1/2"]
[ECO "E08"]
[WhiteElo "2320"]
[BlackElo "2234"]
[Annotator "RC"]
[PlyCount "41"]
[EventDate "2024.03.26"]
[EventType "tourn"]
[EventCountry "USA"]
[SourceTitle "playchess.com"]
[Source "ChessBase"]
[SourceQuality "1"]
[TimeControl "5400+30"]

1. d4 Nf6 2. c4 e6 3. Nf3 d5 4. g3 Bb4+ 5. Bd2 Be7 6. Bg2 c6 7. Qc2 O-O 8. O-O Nbd7 9. Bf4 a5 10. h4 b6 11. Nbd2 Bb7 12. e4 Nxe4 13. Nxe4 dxe4 14. Ng5 c5 15. dxc5 Nxc5 16. Nxe4 Qd3 17. Qxd3 Nxd3 18. Bc1 Rac8 19. b3 Nxc1 20. Raxc1 Bxe4 21. Bxe4 1/2-1/2

[Event "1000GM Spring IM-C 2024"]
[Site "New York"]
[Date "2024.03.31"]
[Round "7.5"]
[White "Atwell, Rose"]
[Black "Tang, Zoey"]
[Result "1/2-1/2"]
[ECO "B30"]
[WhiteElo "2285"]
[BlackElo "2253"]
[Annotator "RC"]
[PlyCount "198"]
[EventDate "2024.03.26"]
[EventType "tourn"]
[EventCountry "USA"]
[SourceTitle "playchess.com"]
[Source "ChessBase"]
[SourceQuality "1"]
[TimeControl "5400+30"]

1. e4 c5 2. Nf3 Nc6 3. Bb5 e6 4. O-O Nge7 5. Re1 a6 6. Bf1 d5 7. exd5 Nxd5 8. d4 Nf6 9. Be3 Be7 10. c4 O-O 11. Nc3 b6 12. Qd2 Bb7 13. Rad1 cxd4 14. Nxd4 Qb8 15. h3 Rd8 16. Qc1 Nxd4 17. Bxd4 Bc6 18. a4 Qb7 19. Qe3 Rab8 20. Qg3 Bd6 21. Qg5 h6 22. Qe3 Ne8 23. b3 Qc7 24. g3 Ba8 25. Bg2 Bxg2 26. Kxg2 Bb4 27. Re2 Nd6 28. g4 Bc5 29. Red2 Nb7 30. Qe5 Qc6+ 31. Qe4 Qxe4+ 32. Nxe4 Bxd4 33. Rxd4 Rxd4 34. Rxd4 Nc5 35. Nxc5 bxc5 36. Rd3 g5 37. Kf3 Kf8 38. a5 Ke7 39. Ke2 f6 40. Rc3 Rd8 41. h4 gxh4 42. Rh3 Kf7 43. Rxh4 Kg6 44. Rh3 Rd4 45. Re3 Kf7 46. f3 Ke7 47. Rc3 h5 48. gxh5 Rh4 49. Rc1 Rxh5 50. Rg1 Rh2+ 51. Kd3 Ra2 52. Rg7+ Kd6 53. f4 Rxa5 54. Rb7 Ra2 55. Rb6+ Kd7 56. f5 exf5 57. Rxf6 Rf2 58. Rxa6 Rf3+ 59. Ke2 Rxb3 60. Rf6 Rc3 61. Rxf5 Rxc4 62. Kd3 Rc1 63. Kd2 Rc4 64. Kd3 Rd4+ 65. Kc3 Kc6 66. Rf3 Rh4 67. Re3 Kb5 68. Rf3 Ra4 69. Kb2 Rb4+ 70. Kc2 Rc4+ 71. Kb2 Ra4 72. Re3 Kb4 73. Rb3+ Kc4 74. Rc3+ Kd4 75. Rg3 c4 76. Rg4+ Kc5 77. Rg8 Rb4+ 78. Kc2 Rb7 79. Rg3 Ra7 80. Rg8 Rb7 81. Rf8 Kb4 82. Rg8 Rb5 83. Rf8 Rd5 84. Rb8+ Kc5 85. Rg8 Kd4 86. Rg4+ Kc5 87. Rg8 Re5 88. Rc8+ Kd4 89. Rd8+ Kc5 90. Rc8+ Kb4 91. Rb8+ Rb5 92. Rxb5+ Kxb5 93. Kc3 Kc5 94. Kc2 Kb4 95. Kb2 c3+ 96. Kc2 Kc4 97. Kc1 Kb3 98. Kb1 c2+ 99. Kc1 Kc3 1/2-1/2

[Event "1000GM Spring IM-C 2024"]
[Site "New York"]
[Date "2024.03.31"]
[Round "8.1"]
[White "Pang, Qi"]
[Black "Tang, Zoey"]
[Result "1/2-1/2"]
[ECO "D16"]
[WhiteElo "2195"]
[BlackElo "2253"]
[Annotator "ChessBase"]
[PlyCount "139"]
[EventDate "2024.03.26"]
[EventType "tourn"]
[EventCountry "USA"]
[SourceTitle "playchess.com"]
[Source "ChessBase"]
[SourceQuality "1"]
[TimeControl "5400+30"]

1. Nf3 d5 2. d4 Nf6 3. c4 c6 4. Nc3 dxc4 5. a4 e6 6. e3 c5 7. Bxc4 Nc6 8. O-O cxd4 9. exd4 Be7 10. Qe2 O-O 11. Rd1 Nb4 12. Ne5 Nbd5 13. Rd3 Bd7 14. Rg3 Kh8 15. Bg5 Bc6 16. Rh3 Kg8 17. Bd3 g6 18. Re1 Nxc3 19. bxc3 Nd5 20. Bh6 Bg5 21. Bxf8 Nf4 22. Qg4 Nxh3+ 23. Qxh3 Qxf8 24. Bc4 Bd5 25. Bxd5 exd5 26. Qd7 Bd2 27. Rb1 Rd8 28. Qxb7 Bxc3 29. Nc6 Re8 30. Qxa7 Qd6 31. Qb7 Qf6 32. Qb5 Re6 33. Ne5 Bxd4 34. Nf3 Rb6 35. Qd3 Rxb1+ 36. Qxb1 Bb6 37. h3 Qc6 38. Qb2 Qc5 39. Ne5 Qd6 40. Nd3 Bc7 41. g3 Bb6 42. Kh2 d4 43. Qb5 Qd8 44. Qc4 Kg7 45. Qc6 h5 46. h4 Qf6 47. Qb5 Bc7 48. Kg2 Qd8 49. Qc4 Qd7 50. Qb4 Qd5+ 51. Kg1 Qe4 52. Qc4 Ba5 53. Nf4 Qe1+ 54. Kg2 Qe4+ 55. Kh2 Be1 56. Qd3 Qe5 57. Kg2 Ba5 58. Qf3 Qe8 59. Nd5 Qe6 60. Kh2 Bd8 61. Nf4 Qd7 62. Qb3 Bc7 63. Qb7 Qd6 64. Qe4 Qf6 65. Nd3 Qd6 66. Kg2 Qd7 67. Qb7 Qd6 68. Qb5 Qe6 69. Qb7 Ba5 70. Qb5 1/2-1/2

[Event "1000GM Spring IM-C 2024"]
[Site "New York"]
[Date "2024.03.31"]
[Round "8.2"]
[White "Yang, Qindong"]
[Black "Atwell, Rose"]
[Result "1/2-1/2"]
[ECO "D15"]
[WhiteElo "2234"]
[BlackElo "2285"]
[Annotator "RC"]
[PlyCount "124"]
[EventDate "2024.03.26"]
[EventType "tourn"]
[EventCountry "USA"]
[SourceTitle "playchess.com"]
[Source "ChessBase"]
[SourceQuality "1"]
[TimeControl "5400+30"]

1. d4 d5 2. c4 c6 3. Nf3 Nf6 4. Nc3 dxc4 5. e4 b5 6. Be2 e6 7. a4 b4 8. e5 bxc3 9. exf6 cxb2 10. fxg7 bxa1=Q 11. gxh8=Q Qa5+ 12. Nd2 c3 13. O-O cxd2 14. Bxd2 Qxd1 15. Rxd1 Qf5 16. d5 Qg6 17. Qe5 Nd7 18. Qc7 exd5 19. Bh5 Qf6 20. Re1+ Be7 21. Bg4 Kf8 22. Bxd7 Bxd7 23. Qxd7 Bc5 24. Be3 d4 25. Bd2 d3 26. Rf1 Rd8 27. Qh3 Kg8 28. Qg4+ Qg6 29. Qc4 Bd4 30. Be3 Bxe3 31. fxe3 d2 32. Qe2 c5 33. Rd1 Qc2 34. Qg4+ Kf8 35. Qh5 Rd6 36. Qg4 Rd8 37. Qh5 Rd7 38. h3 c4 39. Qc5+ Kg8 40. Qc8+ Kg7 41. Qxd7 Qxd1+ 42. Kh2 Qe2 43. Qd4+ f6 44. Qd7+ Kg6 45. Qe8+ Kf5 46. Qd7+ Ke5 47. Qd4+ Ke6 48. Qe4+ Kd6 49. Qd4+ Kc6 50. Qxf6+ Kc5 51. Qe7+ Kb6 52. Qb4+ Kc6 53. Qb5+ Kd6 54. Qb8+ Kd5 55. Qd8+ Kc6 56. Qe8+ Kd6 57. Qd8+ Kc5 58. Qe7+ Kc6 59. Qe8+ Kd5 60. Qd7+ Ke5 61. Qe7+ Kd5 62. Qd7+ Ke5 1/2-1/2

[Event "1000GM Spring IM-C 2024"]
[Site "New York"]
[Date "2024.03.31"]
[Round "8.3"]
[White "Tanenbaum, Zachary"]
[Black "Lekic, Dusan"]
[Result "1-0"]
[ECO "B62"]
[WhiteElo "2260"]
[BlackElo "2320"]
[Annotator "RC"]
[PlyCount "73"]
[EventDate "2024.03.26"]
[EventType "tourn"]
[EventCountry "USA"]
[SourceTitle "playchess.com"]
[Source "ChessBase"]
[SourceQuality "1"]
[TimeControl "5400+30"]

1. e4 c5 2. Nf3 d6 3. d4 cxd4 4. Nxd4 Nf6 5. Nc3 Nc6 6. Bg5 e6 7. Bb5 Bd7 8. Qd3 h6 9. Bh4 Be7 10. O-O-O O-O 11. Bxc6 bxc6 12. Nb3 d5 13. e5 Ne8 14. Bxe7 Qxe7 15. Qd4 f6 16. Rhe1 fxe5 17. Rxe5 Nd6 18. Qc5 Rf7 19. Rde1 Qf8 20. R5e2 Qb8 21. g3 a5 22. Na4 Ne4 23. Qb6 Qf8 24. Nbc5 Rxf2 25. Rxe4 dxe4 26. Nxd7 Qf5 27. Qe3 Rxh2 28. Qxe4 Qxe4 29. Rxe4 Rh3 30. g4 h5 31. gxh5 Rxh5 32. Rxe6 Rh1+ 33. Kd2 Rh6 34. Re7 g5 35. Nac5 g4 36. Ne4 Kh8 37. Ne5 1-0

[Event "1000GM Spring IM-C 2024"]
[Site "New York"]
[Date "2024.03.31"]
[Round "8.4"]
[White "Savanovic, Aleksandar"]
[Black "Andrews, Todd"]
[Result "1-0"]
[ECO "C19"]
[WhiteElo "2361"]
[BlackElo "2160"]
[Annotator "RC"]
[PlyCount "97"]
[EventDate "2024.03.26"]
[EventType "tourn"]
[EventCountry "USA"]
[SourceTitle "playchess.com"]
[Source "ChessBase"]
[SourceQuality "1"]
[TimeControl "5400+30"]

1. e4 e6 2. d4 d5 3. Nc3 Bb4 4. e5 c5 5. a3 Bxc3+ 6. bxc3 Ne7 7. a4 Qc7 8. Nf3 h6 9. Bb5+ Bd7 10. Bd3 Nbc6 11. O-O b6 12. Re1 O-O 13. Bf4 f5 14. exf6 Qxf4 15. fxe7 Nxe7 16. Bb5 Bc8 17. a5 bxa5 18. Rxa5 Qc7 19. Ra1 Ng6 20. Bd3 Nf4 21. Bf1 cxd4 22. cxd4 a5 23. g3 Ng6 24. Bd3 Ne7 25. Re3 Nf5 26. Bxf5 exf5 27. Ne5 f4 28. Rf3 Bf5 29. Rxf4 Qxc2 30. Qxc2 Bxc2 31. Rxf8+ Kxf8 32. Nd7+ Ke7 33. Nb6 Ra6 34. Nxd5+ Kd6 35. Nb4 axb4 36. Rxa6+ Kd5 37. Rb6 b3 38. Kf1 Kxd4 39. Ke2 Kc3 40. Rc6+ Kb2 41. Kd2 Be4 42. Re6 Bc2 43. g4 Bb1 44. f4 Ba2 45. Rb6 Bb1 46. f5 Be4 47. f6 gxf6 48. Rxf6 Bd5 49. Rxh6 1-0

[Event "1000GM Spring IM-C 2024"]
[Site "New York"]
[Date "2024.03.31"]
[Round "8.5"]
[White "Shundi, Matias"]
[Black "Yudasin, Leonid"]
[Result "1/2-1/2"]
[ECO "B22"]
[WhiteElo "2191"]
[BlackElo "2337"]
[Annotator "ChessBase"]
[PlyCount "66"]
[EventDate "2024.03.26"]
[EventType "tourn"]
[EventCountry "USA"]
[SourceTitle "playchess.com"]
[Source "ChessBase"]
[SourceQuality "1"]
[TimeControl "5400+30"]

1. e4 c5 2. c3 Nf6 3. e5 Nd5 4. Nf3 d6 5. Bb5+ Bd7 6. Bc4 e6 7. d4 Nb6 8. Bb3 cxd4 9. exd6 Bc6 10. Nxd4 Bxd6 11. Nxc6 Nxc6 12. O-O O-O 13. Nd2 Nd5 14. g3 Nf6 15. Qe2 Qe7 16. Ne4 Nxe4 17. Qxe4 Rfe8 18. h4 Qc7 19. h5 Rad8 20. Kg2 a6 21. h6 g6 22. Bg5 Be7 23. Be3 Na5 24. Rad1 Nxb3 25. axb3 Rxd1 26. Rxd1 Rd8 27. Rxd8+ Bxd8 28. f3 Qd7 29. g4 f6 30. c4 Kf7 31. Bd4 Qc6 32. Qf4 Qc7 33. Qe4 Qc6 1/2-1/2

[Event "1000GM Spring IM-C 2024"]
[Site "New York"]
[Date "2024.04.01"]
[Round "9.1"]
[White "Yudasin, Leonid"]
[Black "Pang, Qi"]
[Result "1/2-1/2"]
[ECO "D02"]
[WhiteElo "2337"]
[BlackElo "2195"]
[Annotator "RC"]
[PlyCount "37"]
[EventDate "2024.03.26"]
[EventType "tourn"]
[EventCountry "USA"]
[SourceTitle "playchess.com"]
[Source "ChessBase"]
[SourceQuality "1"]
[TimeControl "5400+30"]

1. d4 d5 2. Nf3 Nf6 3. Bf4 e6 4. e3 Bd6 5. c3 O-O 6. Nbd2 c5 7. Bxd6 Qxd6 8. Bd3 Nc6 9. O-O e5 10. dxe5 Nxe5 11. Nxe5 Qxe5 12. h3 Qe7 13. Qc2 Be6 14. Bf5 Rfe8 15. Rfe1 Qc7 16. Bxe6 Rxe6 17. c4 dxc4 18. Qxc4 Rd8 19. Nf3 1/2-1/2

[Event "1000GM Spring IM-C 2024"]
[Site "New York"]
[Date "2024.04.01"]
[Round "9.2"]
[White "Andrews, Todd"]
[Black "Shundi, Matias"]
[Result "1-0"]
[ECO "B87"]
[WhiteElo "2160"]
[BlackElo "2191"]
[Annotator "RC"]
[PlyCount "139"]
[EventDate "2024.03.26"]
[EventType "tourn"]
[EventCountry "USA"]
[SourceTitle "playchess.com"]
[Source "ChessBase"]
[SourceQuality "1"]
[TimeControl "5400+30"]

1. e4 c5 2. Nf3 d6 3. d4 cxd4 4. Nxd4 Nf6 5. Nc3 a6 6. Bc4 e6 7. Bb3 b5 8. Qe2 Be7 9. Be3 O-O 10. O-O-O Bb7 11. e5 Ne8 12. Bxe6 fxe6 13. Nxe6 Qc8 14. Nxf8 Bxf8 15. Bg5 Qf5 16. f4 h6 17. exd6 hxg5 18. Qxe8 Nd7 19. Qe2 gxf4 20. Rhf1 b4 21. Qc4+ Kh8 22. Rxf4 Qg5 23. Kb1 g6 24. Rh4+ Kg7 25. Qxb4 Rb8 26. Qa4 Nf6 27. g3 Bf3 28. Rf1 Bg2 29. Rd1 Bf3 30. Qxa6 Ra8 31. Qb6 Bxd1 32. Qb7+ Kg8 33. Ne4 Bxc2+ 34. Kxc2 Qf5 35. Qxa8 g5 36. Rh8+ Kxh8 37. Qxf8+ Kh7 38. Qf7+ Kh6 39. Qxf6+ Qxf6 40. Nxf6 Kg6 41. d7 Kxf6 42. d8=B+ Kf5 43. a4 g4 44. a5 Ke4 45. a6 Kf3 46. a7 Kg2 47. Bc7 Kxh2 48. b4 Kg2 49. Kd3 Kh3 50. Ke4 Kg2 51. Kf4 Kh3 52. b5 Kh2 53. Kxg4 Kg2 54. Kf4 Kh3 55. g4 Kh4 56. g5 Kh5 57. Kf5 Kh4 58. g6 Kh3 59. g7 Kg2 60. a8=B+ Kf1 61. g8=B Kf2 62. b6 Ke3 63. b7 Kd4 64. b8=B Kc5 65. Bgd5 Kb5 66. Bd6 Ka6 67. Bac6 Kb6 68. Bbc7+ Ka6 69. Bc4+ Ka7 70. Bc5# 1-0

[Event "1000GM Spring IM-C 2024"]
[Site "New York"]
[Date "2024.04.01"]
[Round "9.3"]
[White "Lekic, Dusan"]
[Black "Savanovic, Aleksandar"]
[Result "1/2-1/2"]
[ECO "D55"]
[WhiteElo "2320"]
[BlackElo "2361"]
[Annotator "RC"]
[PlyCount "52"]
[EventDate "2024.03.26"]
[EventType "tourn"]
[EventCountry "USA"]
[SourceTitle "playchess.com"]
[Source "ChessBase"]
[SourceQuality "1"]
[TimeControl "5400+30"]

1. d4 Nf6 2. c4 e6 3. Nf3 d5 4. Nc3 Be7 5. Bg5 h6 6. Bxf6 Bxf6 7. e3 O-O 8. Rc1 c6 9. Bd3 Nd7 10. O-O dxc4 11. Bxc4 e5 12. h3 exd4 13. exd4 Nb6 14. Bb3 Re8 15. Re1 Bf5 16. Rxe8+ Qxe8 17. Qd2 Qd7 18. Re1 a5 19. a3 Re8 20. Rxe8+ Qxe8 21. Qf4 Be6 22. Bxe6 Qxe6 23. Qc7 Nc4 24. Qxb7 Bxd4 25. Nxd4 Qe1+ 26. Kh2 Qe5+ 1/2-1/2